 Dungeon Crawl Stone Soup version 0.32-a0-473-gd044c6f0f0 (webtiles) character file.

Game seed: 13059652594058695458

21 Esekla the Sneak (level 2, 21/21 HPs)
             Began as an Octopode Delver on Feb 25, 2024.
             Quit the game on level 5 of the Dungeon.
             The game lasted 00:01:39 (160 turns).

Esekla the Sneak (Octopode Delver)                   Turns: 160, Time: 00:01:39

Health: 21/21      AC:  1    Str: 11    XL:     2   Next: 83%
Magic:  3/3        EV: 13    Int: 12    God:
Gold:   11         SH:  0    Dex: 13    Spells: 2/2 levels left

rFire   . . .        a - +0 falchion
rCold   . . .        (no shield)
rNeg    . . .        (helmet restricted)
rPois   .            (no amulet)
rElec   .            (no ring)
rCorr   .            (no ring)
SInv    .            (no ring)
Will    .....        (no ring)
Stlth   ++++         (no ring)
HPRegen 0.23/turn    (no ring)
MPRegen 0.08/turn    (no ring)
                     (no ring)

%: no passive effects
@: no status effects
A: almost no armour, amphibious, 8 rings, camouflage 1, gelatinous body 1,
(nimble swimmer 1), tentacles
a: no special abilities


You were on level 5 of the Dungeon.
You visited 1 branch of the dungeon, and saw 1 of its levels.

You collected 11 gold pieces.

Inventory:

Hand Weapons
 a - a +0 falchion (weapon)
 c - a +0 dagger of draining
Wands
 d - a wand of mindburst (15)
 f - a wand of digging (3)
Scrolls
 b - a scroll of fog
Potions
 e - a potion of haste
 g - a potion of berserk rage {unknown}


   Skills:
 * Level 3.2 Fighting
 + Level 2.0 Long Blades
 * Level 2.1 Dodging
 + Level 7.1 Stealth
 * Level 0.7 Spellcasting


You had 2 spell levels left.
You didn't know any spells.
Your spell library was empty.

Dungeon Overview and Level Annotations

Branches:
Dungeon (5/15)
 Temple: D:4-7

Altars:
Ru

Annotations:
D:5 3 runed translucent doors


Innate Abilities, Weirdness & Mutations

You cannot wear most types of armour.
You are amphibious.
You can wear up to eight rings at the same time.
Your skin changes colour to match your surroundings (Stealth+).
Your rubbery body absorbs attacks. (AC +1, EV +1)
((You are camouflaged when in or above water. (Stealth+)))
You have tentacles for arms and can constrict up to eight enemies at once.


Message History

You constrict the adder. The adder closely misses you.
You barely miss the adder.
The adder is moderately wounded.
You constrict the adder, but do no damage.
The adder closely misses you. The adder barely misses you.
You barely miss the adder.
The adder is moderately wounded.
You constrict the adder, but do no damage.
The adder bites you.
You are poisoned.
The adder poisons you!
You hit the adder.
The adder is severely wounded.
You constrict the adder.
You kill the adder!
You feel sick.
Your Stealth skill increases to level 7!
You start resting.
You feel sick. x3
You are no longer poisoned.
You start resting.
HP restored.
Found a ring mail.
An iguana comes into view.
The iguana moves out of view.
There is a stone staircase leading up here.
An orc comes into view. It is wielding a +0 falchion.
You see here a bubbling cyan potion.
g - a bubbling cyan potion The orc hits you but does no damage.
You hit the orc. You grab the orc. You squeeze the orc.
You kill the orc!
Things that are here:
a +0 falchion; an orc corpse An ogre comes into view.
It is wielding a +0 giant club.
An orc comes into view.
It is wielding a +0 short sword of freezing.
Found a sacrificial altar of Ru.
The orc hits the bush but does no damage.
The orc hits the bush but does no damage.
The orc shouts!
The ogre shouts!
Are you sure you want to abandon this character and quit the game? (Confirm with "yes".)

# *##* ## #..#########.
#......#.....
*#..l.........
###............. ***
##............... **,**
##............l... **,,,*
#@...........<....
*,,,,###*##............#...
***,*#...*##...............
**,.#....#............#...
*,,.........#.....##.[....
*,,.......#O.........#....
*,,.#######..........##...
**,,.#..o..#...#......#..#.
*,**##.PPP.#...#........###


You could see an iguana (wandering).

Vanquished Creatures
  2 adders (D:5)
  An orc (D:5)
3 creatures vanquished.

Notes
Turn   | Place    | Note
-------+----------+-------------------------------------------
     0 | D:5      | Esekla the Octopode Delver began the quest for the Orb.
     0 | D:5      | Reached XP level 1. HP: 16/16 MP: 1/1
     7 | D:5      | Noticed a hound
    21 | D:5      | Found a runed translucent gate.
    22 | D:5      | Found a runed translucent gate.
    23 | D:5      | Found a runed translucent gate.
    26 | D:5      | Noticed a black bear
    84 | D:5      | Reached XP level 2. HP: 21/21 MP: 2/2
    98 | D:5      | Reached skill level 7 in Stealth
   148 | D:5      | Noticed an ogre
   150 | D:5      | Found a sacrificial altar of Ru.
   160 | D:5      | Quit the game

Illustrated notes

Levels and vault maps discovered:
D:5:      cheibrodos_fzero, layout_cave_pools, mainiacjoe_overflow_alcove_4,
          gammafunk_ghost_necromancy

Skill      XL: |  1  2 |
---------------+-------+-----
Stealth        | 7 |  7.1
Fighting       | |  3.2
Long Blades    | |  2.0
Dodging        | |  2.1
Spellcasting   | |  0.7

Action                     || total
---------------------------++-------
  Melee: Falchion          ||     8
         Constrict         ||     3
         Tentacles         ||     3
    Use: Scroll            ||     2
 Armour: Skin              ||     3
  Dodge: Dodged            ||     8

Table legend: (Time is in decaauts)
 A = Elapsed time spent in this place.
 B = Non-inter-level travel time spent in this place.
 C = Inter-level travel time spent in this place.
 D = Time resting spent in this place.
 E = Time spent auto-exploring this place.
 F = Levels seen in this place.
 G = Mean time per level.
                   A        B        C        D        E       F      G
               +--------+--------+--------+--------+--------+-----+--------+
         Total |    161 |    161 |      0 |     30 |      0 |   1 |  161.0 |
       Dungeon |    161 |    161 |      0 |     30 |      0 |   1 |  161.0 |
               +--------+--------+--------+--------+--------+-----+--------+

Top non-repeatable levels by time:
     D:5: 161 daAuts
